nht, chaotic female elven Wizard | |}------ |}}}}}}| |.....;| |....@}| |.....}+ .-----.....}| |......`....}| |.-----}}}}}}| |.| |}------ |.| | |.| nht the Conjurer Experience level: 4 Strength: 11 Dexterity: 10 Constitution: 14 Intelligence: 20 Wisdom: 13 Charisma: 8 Health: 0(22) Energy: 36(36) Def: 1 Gold: 844 Moves: 735 Dungeon seed: s7yCZ2yxZWOptAUo Game ID: nht_1430680649 Your Inventory: Coins $ - 844 gold pieces Weapons a - a blessed +1 quarterstaff Armor e - an uncursed +0 cloak of magic resistance (being worn) Comestibles s - an uncursed lembas wafer z - an uncursed carrot Scrolls i - 2 uncursed scrolls of identify j - an uncursed scroll of blank paper v - an uncursed scroll of enchant armor w - an uncursed scroll of fire y - an uncursed scroll of create monster Spellbooks k - a blessed spellbook of blank paper l - a blessed spellbook of magic missile m - an uncursed spellbook of healing Potions g - a blessed potion of sleeping h - 2 uncursed potions of full healing o - an uncursed potion of confusion r - a blessed potion of levitation u - an uncursed potion of invisibility B - an uncursed potion of oil Rings c - a blessed +2 ring of adornment d - an uncursed ring of warning Wands p - a wand of slow monster (0:7) A - a wand of cold (0:5) Tools b - an uncursed bag of holding f - an uncursed tooled horn n - a magic marker (0:92) x - a +0 pick-axe (weapon in hand) Gems q - an uncursed worthless piece of white glass Spells known in the end: Name Level Category Fail Memory a - force bolt 1 attack 0% 97% b - magic missile 2 attack 0% 97% c - healing 1 healing 0% 97% Your skills at the end: Fighting Skills Weapon Skills quarterstaff [Basic] Spellcasting Skills attack spells [Basic] enchantment spells [Basic] Final Attributes: You were piously aligned. You were sleep resistant. You were poison resistant. You were magic-protected. You had infravision. You were lucky. You are dead. Vanquished creatures: a scorpion a shrieker a ghoul a little dog a kobold shaman an iguana a hobgoblin 2 giant rats 2 jackals a fox a grid bug a kobold zombie 14 creatures vanquished. Voluntary challenges: You followed a strict vegan diet. You used a wielded weapon 11 times, starting on turn 9. You read items or engraved 11 times, starting on turn 13. You never genocided any monsters. You never polymorphed an object. You never changed form. You used no wishes. You never split a pudding. You wrote Elbereth's name 10 times, starting on turn 13. You never violated your personal moral code. Dungeon overview: The Dungeons of Doom: levels 1 to 25 Level 1 a long staircase Level 2 Level 3 Level 4 Level 5 Level 6 Level 7 Level 8 Level 9 a fountain Level 10 Level 11 a fountain Level 12 Level 13 Level 14 Level 15 Level 16 Level 17 Level 18 Level 19 Level 20 Level 21 Level 22 a temple to Ptah Level 23 Level 24 Level 25 <- You were here History has recorded: On T:1 you entered the Dungeons of Doom to retrieve the Amulet of Yendor! On T:80 you reached level 2 of The Dungeons of Doom. On T:101 you reached level 3 of The Dungeons of Doom. On T:126 you reached level 4 of The Dungeons of Doom. On T:162 you reached level 5 of The Dungeons of Doom. On T:185 you reached level 6 of The Dungeons of Doom. On T:203 you advanced to experience level 2. On T:208 you reached level 7 of The Dungeons of Doom. On T:259 you reached level 8 of The Dungeons of Doom. On T:289 you reached level 9 of The Dungeons of Doom. On T:290 you advanced to experience level 3. On T:336 you reached level 10 of The Dungeons of Doom. On T:373 you reached level 11 of The Dungeons of Doom. On T:406 you reached level 12 of The Dungeons of Doom. On T:428 you reached level 13 of The Dungeons of Doom. On T:456 you reached level 14 of The Dungeons of Doom. On T:478 you reached level 15 of The Dungeons of Doom. On T:500 you reached level 16 of The Dungeons of Doom. On T:522 you reached level 17 of The Dungeons of Doom. On T:542 you reached level 18 of The Dungeons of Doom. On T:576 you reached level 19 of The Dungeons of Doom. On T:591 you advanced to experience level 4. On T:597 you reached level 20 of The Dungeons of Doom. On T:619 you reached level 21 of The Dungeons of Doom. On T:644 you reached level 22 of The Dungeons of Doom. On T:676 you reached level 23 of The Dungeons of Doom. On T:700 you reached level 24 of The Dungeons of Doom. On T:720 you reached The Castle. Score breakdown: Gold: 844 ( 9956 points) Experience: 4 levels ( 9649 points) Exploration: 25 levels ( 53.19%) (21669 points) Discoveries: 1 item ( 0.36%) ( 1802 points) Valuables value: (no points given unless you survive) Artifact value: 0 ( 0 points) Variety of kills: 12 monsters ( 3.17%) ( 5338 points) Time penalty: 735 turns ( 0 points) Survival: died (score multiplied by 80%) Total score: 38731 Latest messages: You fall through... A white gem lands on the altar. You extract a strange sound from the tooled horn! You hear 2 tumblers click and 1 gear turn. The shark bites! You die... Final status: Goodbye nht the Wizard, killed by a shark... You died in The Dungeons of Doom on dungeon level 25 with 38731 points, and 844 pieces of gold, after 735 moves. You were level 4 with a maximum of 22 hit points when you died.